 Dungeon Crawl Stone Soup version 0.23.2-40-g277498a001 (webtiles) character file.

Game seed: 10455256298132181418

2559 Frank2 the Cleaver (level 9, -5/72 HPs)
             Began as a Demigod Gladiator on Sept 6, 2019.
             Slain by Grum
             ... wielding a -1 glaive of chopping
              (8 damage)
             ... on level 8 of the Dungeon.
             The game lasted 00:10:11 (6876 turns).

Frank2 the Cleaver (Demigod Gladiator)              Turns: 6876, Time: 00:10:12

Health: -5/72      AC: 10    Str: 17    XL:     9   Next: 10%
Magic:  11/11      EV:  9    Int: 12    God:
Gold:   533        SH:  0    Dex: 23    Spells: 8/8 levels left

rFire    + . .     SeeInvis .   p - +2 battleaxe (freeze) (curse)
rCold    + . .     Gourm    .   (shield currently unavailable)
rNeg     . . .     Faith    .   l - +0 chain mail
rPois    .         Spirit   .   c - +0 helmet
rElec    .         Reflect  .   (no cloak)
rCorr    .         Harm     .   (no gloves)
MR       .....                  (no boots)
Stlth    ..........             (no amulet)
HPRegen  0.22/turn              n - ring of protection from fire
MPRegen  0.12/turn              i - ring of protection from cold

@: drained
A: high mp 1
a: no special abilities


You were on level 8 of the Dungeon.
You were not hungry.

You visited 1 branch of the dungeon, and saw 8 of its levels.

You collected 533 gold pieces.

Inventory:

Hand Weapons
 p - a cursed +2 battleaxe of freezing (weapon)
Armour
 c - a +0 helmet (worn)
 l - a +0 chain mail (worn)
Jewellery
 i - a ring of protection from cold (right hand)
 n - a ring of protection from fire (left hand)
Wands
 v - a wand of flame (10)
Scrolls
 d - a scroll of blinking
 e - 2 scrolls of teleportation
 r - a scroll of identify
 s - 2 scrolls of remove curse
Potions
 b - a potion of might {unknown}
 g - 3 potions of curing
 h - 3 potions of mutation
 j - a potion of flight {unknown}
 k - 3 potions of brilliance {unknown}
 m - a potion of resistance {unknown}
 o - a potion of degeneration {unknown}
 q - a potion of magic {unknown}
 t - a potion of ambrosia {unknown}
Comestibles
 f - 14 rations


   Skills:
 + Level 4.7(3.8) Fighting
 + Level 8.9(7.9) Axes
 - Level 1.7(0.8) Throwing
 + Level 5.1(4.1) Armour
 + Level 4.6(3.6) Dodging


You had 8 spell levels left.
You didn't know any spells.
Your spell library contained the following spells:

 Spells                   Type           Power        Failure   Level  Hunger
 Beastly Appendage        Tmut           #.....       99%         1    ##.....
 Sticks to Snakes         Tmut           #.......     100%        2    ###....
 Spider Form              Tmut/Pois      #.........   100%        3    ####...
 Ice Form                 Ice/Tmut       #.......     100%        4    #####..
 Blade Hands              Tmut           #.........   100%        5    ######.


Dungeon Overview and Level Annotations

Branches:
Dungeon (8/15)             Temple (0/1) D:5
   Lair: D:8-11

Shops:
D:6 %

Annotations:
D:8 Grum


Innate Abilities, Weirdness & Mutations

You have an increased reservoir of magic. (+10% MP)


Message History

The wolf barely misses you.
You feel better. The wolf bites you!
* * * LOW HITPOINT WARNING * * *
The wolf closely misses you. The wolf bites you but does no damage.
The wolf bites you but does no damage. The wolf bites you but does no damage.
Grum hits you from afar with a -1 glaive of chopping.
* * * LOW HITPOINT WARNING * * *
x2 You feel better.
The wolf bites you.
* * * LOW HITPOINT WARNING * * *
The wolf bites you but does no damage. The wolf bites you but does no damage.
The wolf closely misses you. The wolf bites you!
* * * LOW HITPOINT WARNING * * *
There is a stone staircase leading up, spattered with blood here.
The wolf barely misses you.
Grum hits you from afar with a -1 glaive of chopping!
You die...

###########
#####.........#
.#...#.###.###.#
...#.#.##⌠.⌠##.# ###
........._..#.#####...
#......⌠.⌠...h.h.h...
###.....###.#####...
..#####.h..####.# #.#
.......@hg......# .#
#########h####### #
#.# #+#


You could see Grum and 3 wolves.

Vanquished Creatures
  Prince Ribbit (D:6)
  A hippogriff (D:7)
  Eustachio (D:6)
  A sky beast (D:6)
  A black bear (D:7)
  An ice beast (D:7)
  2 phantoms
  2 ogres (D:4)
  A wolf (D:8)
  A centaur (D:7)
  A bullfrog (D:7)
  2 scorpions
  4 wights (D:7)
  5 howler monkeys
  5 crimson imps
  An orc priest (D:5)
  A bullfrog skeleton (D:6)
  Terence (D:3)
  An iguana (D:7)
  4 worker ants
  2 orc wizards
  A hound zombie (D:5)
  A howler monkey zombie (D:5)
  13 adders
  A howler monkey skeleton (D:6)
  3 shadow imps
  4 worms
  2 dart slugs (D:1)
  2 leopard geckos
  24 orcs
  4 ball pythons
  6 bats
  A bat zombie (D:4)
  6 giant cockroaches
  11 goblins
  7 hobgoblins
  10 jackals
  4 quokkas
  5 frilled lizards
  2 kobolds
  A leopard gecko skeleton (D:7)
  A quokka skeleton (D:4)
  8 rats
  2 rat zombies (D:4)
  A spectral orc (D:2)
  A fungus (D:1)
  A toadstool (D:1)
161 creatures vanquished.

Vanquished Creatures (others)
  2 toadstools (D:1)
2 creatures vanquished.

Grand Total: 163 creatures vanquished

Notes
Turn   | Place    | Note
-------+----------+-------------------------------------------
     0 | D:1      | Frank2 the Demigod Gladiator began the quest for the Orb.
     0 | D:1      | Reached XP level 1. HP: 17/17 MP: 3/3
   111 | D:1      | Reached XP level 2. HP: 21/24 MP: 4/4
   166 | D:1      | Reached skill level 3 in Axes
   359 | D:1      | Reached XP level 3. HP: 29/29 MP: 5/5
  1132 | D:2      | Reached skill level 1 in Armour
  1294 | D:2      | Reached XP level 4. HP: 34/36 MP: 6/6
  1365 | D:2      | Found a basalt altar of Yredelemnul.
  1708 | D:3      | Found a shadowy altar of Dithmenos.
  1800 | D:3      | Reached skill level 4 in Axes
  1870 | D:3      | Noticed Terence
  1884 | D:3      | Killed Terence
  2215 | D:3      | Found a stormy altar of Qazlal.
  2492 | D:3      | Found a glowing silver altar of Zin.
  2492 | D:3      | Noticed an angel
  2539 | D:4      | Reached XP level 5. HP: 38/42 MP: 7/7
  2659 | D:4      | Noticed an ogre
  2669 | D:4      | Killed an ogre
  2769 | D:4      | Reached XP level 6. HP: 40/50 MP: 8/8
  2807 | D:4      | Reached skill level 5 in Axes
  2925 | D:4      | Found an ancient bone altar of Kikubaaqudgha.
  3249 | D:4      | Found a sacrificial altar of Ru.
  3300 | D:5      | Entered Level 5 of the Dungeon
  3406 | D:5      | Found a staircase to the Ecumenical Temple.
  3512 | D:5      | Reached XP level 7. HP: 43/57 MP: 9/9
  3539 | D:5      | Reached skill level 6 in Axes
  3600 | D:5      | Found a glowing golden altar of the Shining One.
  3604 | D:5      | Found an opulent altar of Gozag.
  3632 | D:5      | Found a hazy altar of Hepliaklqana.
  4037 | D:6      | Found a white marble altar of Elyvilon.
  4155 | D:6      | Noticed Prince Ribbit
  4637 | D:6      | Found Orah's Food Boutique.
  4708 | D:6      | Noticed Eustachio
  4752 | D:6      | Killed Eustachio
  4752 | D:6      | Reached skill level 7 in Axes
  5056 | D:6      | Reached XP level 8. HP: 36/66 MP: 10/10
  5168 | D:6      | Killed Prince Ribbit
  5375 | D:7      | Found a burning altar of Makhleb.
  5715 | D:7      | Reached skill level 8 in Axes
  5758 | D:7      | Noticed a hippogriff
  5773 | D:7      | Killed a hippogriff
  6450 | D:7      | Reached XP level 9. HP: 27/72 MP: 11/11
  6653 | D:7      | Reached skill level 5 in Armour
  6831 | D:8      | Found a sparkling altar of Nemelex Xobeh.
  6858 | D:8      | Noticed Grum
  6875 | D:8      | HP: 3/72 [wolf[Grum] (8)]
  6876 | D:8      | Slain by Grum

Skill      XL: |  1  2  3  4  5  6  7  8  9 |
---------------+----------------------------+-----
Dodging        | 3 4 |  4.6
Axes           | 3 4 5 7 8 |  8.9
Fighting       | 2 3 4 |  4.7
Armour         | 1 2 3 4 5 |  5.1
Throwing       | |  1.7

Action                   |  1- 3 |  4- 6 |  7- 9 || total
-------------------------+-------+-------+-------++-------
Melee: War axe           |   126 |   180 |   300 ||   606
       Battleaxe         |       |       |    10 ||    10
Throw: Throwing net      |       |     4 |     2 ||     6
  Use: Scroll            |     3 |     9 |     7 ||    19
       Potion            |       |       |     7 ||     7
 Stab: Sleeping          |     3 |     1 |       ||     4
       Held in net/web   |       |     5 |     1 ||     6
  Eat: Chunk             |     1 |     7 |     6 ||    14
       Ration            |       |       |     2 ||     2
Armor: Leather armour    |    32 |     4 |       ||    36
       Chain mail        |       |     9 |    56 ||    65
       Ring mail         |       |    32 |    74 ||   106
       Scale mail        |       |     8 |       ||     8
Dodge: Dodged            |    93 |   101 |   221 ||   415
